 Dungeon Crawl Stone Soup version 0.30.1-4-g462c640d31 (webtiles) character file.

Game seed: 10042844696699608060

49 Cassiopeia the Vexing (level 3, -4/28 HPs)
             Began as a Gnoll Hexslinger on Sept 11, 2023.
             Slain by a gnoll
             ... wielding a +0 halberd
              (8 damage)
             ... on level 2 of the Dungeon.
             The game lasted 00:02:28 (740 turns).

Cassiopeia the Vexing (Gnoll Hexslinger)             Turns: 740, Time: 00:02:29

Health: -4/28      AC:  4    Str:  9    XL:     3   Next: 75%
Magic:  3/7        EV: 13    Int: 14    God:
Gold:   39         SH:  0    Dex: 12    Spells: 6/7 levels left

rFire   . . .        a - +1 sling
rCold   . . .        (no shield)
rNeg    . . .        c - +0 robe
rPois   .            (no helmet)
rElec   .            (no cloak)
rCorr   .            j - +1 pair of gloves
SInv    .            (no boots)
Will    .....        (no amulet)
Stlth   ++           (no ring)
HPRegen 0.24/turn    (no ring)
MPRegen 0.10/turn

%: no passive effects
@: no status effects
A: fangs 1, strong nose, distributed training
a: no special abilities


You were on level 2 of the Dungeon.
You visited 1 branch of the dungeon, and saw 2 of its levels.

You collected 39 gold pieces.

Inventory:

Hand Weapons
 a - a +1 sling (weapon)
 i - a +0 falchion
Armour
 c - a +0 robe (worn)
 j - a +1 pair of gloves (worn)
Scrolls
 b - a scroll of poison
 d - a scroll of immolation {unknown}
 f - a scroll of fog {unknown}
 g - 2 scrolls of vulnerability {unknown}
 k - a scroll of enchant armour {unknown}
 l - a scroll of torment {unknown}
Potions
 e - 3 potions of curing {unknown}
 h - a potion of resistance {unknown}
 m - a potion of ambrosia {unknown}
 n - a potion of magic {unknown}


   Skills:
 + Level 2.6 Fighting
 + Level 1.0 Short Blades
 + Level 1.0 Long Blades
 + Level 1.0 Axes
 + Level 1.0 Maces & Flails
 + Level 1.0 Polearms
 + Level 1.0 Staves
 + Level 4.6 Ranged Weapons
 + Level 1.0 Throwing
 + Level 1.0 Armour
 + Level 4.6 Dodging
 + Level 1.0 Stealth
 + Level 1.0 Shields
 + Level 1.0 Unarmed Combat
 + Level 2.9 Spellcasting
 + Level 0.7 Conjurations
 + Level 5.4 Hexes
 + Level 0.7 Summonings
 + Level 0.7 Necromancy
 + Level 0.7 Translocations
 + Level 0.7 Transmutations
 + Level 0.7 Fire Magic
 + Level 0.7 Ice Magic
 + Level 0.7 Air Magic
 + Level 0.7 Earth Magic
 + Level 0.7 Poison Magic
 + Level 1.0 Invocations
 + Level 1.0 Evocations


You had 6 spell levels left.
You knew the following spells:

 Your Spells              Type           Power      Damage    Failure   Level
a - Slow                  Hex            68%        N/A       2%          1

Your spell library contained the following spells:

 Spells                   Type           Power      Damage    Failure   Level
 Inner Flame              Hex/Fire       10%        N/A       19%         3
 Portal Projectile        Hex/Tloc       20%        N/A       19%         3
 Cause Fear               Hex            8%         N/A       22%         4


Dungeon Overview and Level Annotations

Branches:
Dungeon (1/15)

Altars:


Innate Abilities, Weirdness & Mutations

You have very sharp teeth.
Your uncanny sense of smell can sniff out nearby items.
Your experience applies equally to all skills.


Message History

You shoot a sling bullet.
The sling bullet barely misses the gnoll.
The gnoll barely misses you.
You shoot a sling bullet.
The sling bullet barely misses the gnoll.
The gnoll hits you from afar with a +0 halberd!
* * * LOW HITPOINT WARNING * * *
The gnoll hits you from afar with a +0 halberd.
* * * LOW HITPOINT WARNING * * *
You are too injured to fight recklessly!
Unknown command.
You are too injured to fight recklessly!
Unknown command.
Aiming: Slow (safe; 2% risk of failure)
Press: ? - help, Q - select action, (/) - cycle Shift-Dir - straight line, f/p - gnoll
Aim: a gnoll, wielding a +0 halberd (almost dead, chance to affect: 59%)
The gnoll resists with significant effort.
The gnoll barely misses you.
Unknown command.
Aiming: Slow (safe; 2% risk of failure)
Press: ? - help, Q - select action, (/) - cycle Shift-Dir - straight line, f/p - gnoll
Aim: a gnoll, wielding a +0 halberd (almost dead, chance to affect: 59%)
The gnoll resists with significant effort.
The gnoll misses you.
Unknown command.
Casting: Slow (safe; 2% risk of failure)
Confirm with . or Enter, or press ? or * to list all spells.
Aiming: Slow (safe; 2% risk of failure)
Press: ? - help, Shift-Dir - straight line, f/p - gnoll
Aim: a gnoll, wielding a +0 halberd (almost dead, chance to affect: 59%)
The gnoll resists with significant effort.
The gnoll barely misses you.
Unknown command.
You are too injured to fight recklessly!
Aiming: Slow (safe; 2% risk of failure)
Press: ? - help, Q - select action, (/) - cycle Shift-Dir - straight line, f/p - gnoll
Aim: a gnoll, wielding a +0 halberd (almost dead, chance to affect: 59%)
The gnoll resists with significant effort.
The gnoll hits you from afar with a +0 halberd!
You die...

... ............#. #
#.##......#.#####.
#.#.##)##...#.#####.
.#.#.......<.......
∆ ..................
#)#.##............
#g#.##.##.#.#..#..
#.#.##.##.#.#.....
#@#.##†##.#.#.##..
#......##.#.#.##..
###.#.## ....###.
#...# #. ###.# #.
####.###########.
#................
#.############### #


You could see a gnoll.

Vanquished Creatures
  2 gnolls (D:2)
  3 endoplasms (D:2)
  5 goblins
  A hobgoblin (D:2)
  3 jackals (D:1)
  3 kobolds (D:2)
  A ball python (D:1)
  4 bats (D:2)
  2 frilled lizards
  4 rats
28 creatures vanquished.

Notes
Turn   | Place    | Note
-------+----------+-------------------------------------------
     0 | D:1      | Cassiopeia the Gnoll Hexslinger began the quest for the
                  | Orb.
     0 | D:1      | Reached XP level 1. HP: 17/17 MP: 4/4
   154 | D:1      | Reached XP level 2. HP: 23/23 MP: 3/5
   268 | D:1      | You fall into a shaft and drop 1 floor!
   555 | D:2      | Reached XP level 3. HP: 28/28 MP: 7/7
   715 | D:2      | Reached skill level 1 in Invocations
   721 | D:2      | Reached skill level 1 in Short Blades
   721 | D:2      | Reached skill level 1 in Long Blades
   721 | D:2      | Reached skill level 1 in Axes
   721 | D:2      | Reached skill level 1 in Maces & Flails
   721 | D:2      | Reached skill level 1 in Polearms
   721 | D:2      | Reached skill level 1 in Staves
   721 | D:2      | Reached skill level 1 in Throwing
   721 | D:2      | Reached skill level 1 in Armour
   721 | D:2      | Reached skill level 1 in Stealth
   721 | D:2      | Reached skill level 1 in Shields
   721 | D:2      | Reached skill level 1 in Unarmed Combat
   721 | D:2      | Reached skill level 1 in Evocations
   740 | D:2      | Slain by a gnoll

Illustrated notes

Levels and vault maps discovered:
D:1:      spicycebolla_green_bress_n_ham, layout_basic,
          shapermc_ecumenical_altar_rom_forum, minmay_misc_feat_diagonals,
          minmay_distorted
D:2:      layout_basic

Skill      XL: |  1  2  3 |
---------------+----------+-----
Invocations    | 1 |  1.0
Short Blades   | 1 |  1.0
Long Blades    | 1 |  1.0
Axes           | 1 |  1.0
Maces & Flails | 1 |  1.0
Polearms       | 1 |  1.0
Staves         | 1 |  1.0
Throwing       | 1 |  1.0
Armour         | 1 |  1.0
Stealth        | 1 |  1.0
Shields        | 1 |  1.0
Unarmed Combat | 1 |  1.0
Evocations     | 1 |  1.0
Fighting       | |  2.6
Ranged Weapons | |  4.6
Dodging        | |  4.6
Spellcasting   | |  2.9
Conjurations   | |  0.7
Hexes          | |  5.4
Summonings     | |  0.7
Necromancy     | |  0.7
Translocations | |  0.7
Transmutations | |  0.7
Fire Magic     | |  0.7
Ice Magic      | |  0.7
Air Magic      | |  0.7
Earth Magic    | |  0.7
Poison Magic   | |  0.7

Action                     || total
---------------------------++-------
   Fire: Sling             ||    99
   Cast: Slow              ||    13
 Armour: Robe              ||     9
  Dodge: Dodged            ||    36
